Map: Ruins of Seras

Players

LindyHop

  • Race: Zerg Zerg
  • League: Platinum

Virgilus - Winner!

  • Race: Zerg Zerg
  • League: Diamond

VOD

Have the link to the VOD?

Description

Time

  • Played on: Jan. 20, 2016, 7:55 p.m.
  • Length: 4:58
Show
View Real Time Build Order
Export as new Build Order

LindyHop Zerg 

Build Orders: Hatch First 

Get SALT Encoding   

  12  0:01  Drone  
  13  0:12  Overlord  
  13  0:17  Drone  
  14  0:30  Drone x2  
  14  0:34  Drone  
  17  0:55  Hatchery  
  16  0:59  Drone  
  17  1:11  Spawning Pool  
  17  1:18  Extractor  
  15  1:20  Drone x2  
  17  1:31  Drone  
  18  1:33  Drone  
  19  1:58  Queen  
  21  2:02  Zergling x2  
  21  2:03  Overlord  
  22  2:09  Queen  
  24  2:20  Extractor  
  23  2:24  Metabolic Boost  
  23  2:25  Zergling x2  
  23  2:26  Zergling x6  
  28  2:39  Extractor  
  27  2:52  Drone x3  
  27  2:55  Drone  
  27  2:56  Roach Warren  
  30  2:59  Overlord  
  30  3:22  Drone x6  
  36  3:30  Extractor  
  35  3:57  Lair  
  35  4:00  Drone x2  
  35  4:01  Drone x3  
  40  4:05  Spine Crawler  
  40  4:06  Spine Crawler  
  40  4:09  Roach  
  40  4:11  Spine Crawler  
  40  4:12  Overlord  
  39  4:19  Roach  
  39  4:24  Roach  
  43  4:33  Roach  
  43  4:34  Roach x2  
Show
View Real Time Build Order
Export as new Build Order

Virgilus Zerg - Winner!

Build Orders: Hatch First 

Get SALT Encoding   

  12  0:01  Drone  
  13  0:08  Drone  
  14  0:37  Hatchery  
  13  0:44  Overlord  
  13  0:47  Drone  
  14  1:03  Drone x2  
  16  1:08  Drone  
  17  1:17  Spawning Pool  
  16  1:20  Extractor  
  16  1:24  Drone  
  16  1:28  Drone  
  17  1:46  Drone  
  18  1:50  Drone  
  19  1:57  Drone  
  20  2:01  Drone x2  
  20  2:04  Queen  
  24  2:09  Queen  
  24  2:13  Zergling x2  
  27  2:19  Overlord  
  27  2:32  Drone  
  28  2:48  Drone x2  
  28  2:50  Metabolic Boost  
  30  2:53  Zergling x2  
  30  2:54  Zergling x4  
  30  2:55  Baneling Nest  
  32  3:02  Zergling x2  
  33  3:10  Zergling x2  
  34  3:15  Zergling x4  
  35  3:26  Drone  
  36  3:28  Overlord  
  36  3:41  Baneling x4  
  36  3:42  Baneling x2  
  36  3:49  Zergling x2  
  36  3:50  Zergling x8  
  41  4:00  Zergling x6  
  41  4:01  Overlord  
  44  4:09  Extractor  
  44  4:10  Drone  
Tags
 
Add a new tag
Caveats
  • Supply blocks, unpowered buildings, or Contaminate may cause inaccurate times.
  • Supply counts are checked every 10 seconds.